 Dungeon Crawl Stone Soup version 0.26-a0-154-g3d63440f56 (webtiles) character file.

Game seed: 15914397792560460098

11498 Ijustatesigmund the Cleaver (level 11, -5/127 HPs)
             Began as an Octopode Gladiator on July 2, 2020.
             Slain by a vampire mosquito (9 damage)
             ... on level 12 of the Dungeon.
             The game lasted 00:30:09 (15977 turns).

Ijustatesigmund the Cleaver (Octopode Gladiator)   Turns: 15977, Time: 00:30:09

Health: -5/127     AC:  3    Str: 15    XL:     11   Next: 78%
Magic:  11/11      EV: 20    Int: 15    God:
Gold:   640        SH:  6    Dex: 15    Spells: 10/10 levels left

rFire    . . .     SeeInvis +   n - +6 spear "Ekaig" {vorpal, Int+4}
rCold    . . .     Faith    .   L - +1 buckler
rNeg     . . .     Spirit   .   g - +2 hat
rPois    .         Reflect  .   i - amulet of magic regeneration
rElec    .         Harm     .   u - ring of stealth
rCorr    .                      E - ring of see invisible
MR       .....                  D - +4 ring of evasion
Stlth    ..........             (no ring)
HPRegen  0.31/turn              (no ring)
MPRegen  0.37/turn              (no ring)
                                (no ring)
                                (no ring)

@: berserking, very quick
A: almost no armour, stealthy swim, amphibious, 8 rings, constrict 8, camouflage
1, gelatinous body 1
a: no special abilities


You were on level 12 of the Dungeon.
You were hungry.

You visited 2 branches of the dungeon, and saw 13 of its levels.

You collected 640 gold pieces.

Inventory:

Hand Weapons
 a - a +0 broad axe
 n - the +6 spear "Ekaig" (weapon) {vorpal, Int+4}
   (You found it on level 4 of the Dungeon)

   It inflicts extra damage upon your enemies.
   It affects your intelligence (+4).
Missiles
 c - 2 throwing nets (quivered)
 o - 34 poisoned darts
 w - 7 boomerangs
 y - 7 atropa-tipped darts
Armour
 g - a +2 hat (worn)
 L - a +1 buckler (worn)
Jewellery
 i - an amulet of magic regeneration (around mantle)
 u - a ring of stealth (left tentacle)
 D - a +4 ring of evasion (on tentacle)
 E - a ring of see invisible (right tentacle)
Wands
 f - a wand of clouds (5)
 x - a wand of flame (34)
 F - a wand of disintegration (9)
 J - a wand of iceblast (5)
 K - a wand of polymorph (10)
Scrolls
 b - 13 scrolls of remove curse
 e - 5 scrolls of teleportation
 l - 3 scrolls of fear
 m - 3 scrolls of fog
 q - 2 scrolls of magic mapping
 I - 2 scrolls of enchant armour
Potions
 h - 2 potions of brilliance
 j - 2 potions of flight
 k - 3 potions of curing
 p - 2 potions of cancellation
 r - a potion of stabbing {unknown}
 s - 11 potions of degeneration
 t - 2 potions of lignification {unknown}
 v - 2 potions of magic {unknown}
 z - a potion of berserk rage
 A - 2 potions of resistance
 B - a potion of might
 G - 4 potions of mutation {unknown}
Miscellaneous
 C - a phial of floods
Comestibles
 d - 11 rations
 H - 2 chunks of flesh


   Skills:
 + Level 11.9 Fighting
 + Level 12.0 Axes
 - Level 2.0 Throwing
 - Level 5.5 Dodging
 - Level 7.0 Stealth
 + Level 2.8 Shields


You had 10 spell levels left.
You didn't know any spells.
Your spell library contained the following spells:

 Spells                   Type           Power        Failure   Level  Hunger
 Cause Fear               Hex            #.........   97%         4    #####..
 Silence                  Hex/Air        #.........   100%        5    ######.
 Yara's Violent Unravell  Hex/Tmut       #.........   100%        5    ######.
 Discord                  Hex            #.........   100%        8    #######


Dungeon Overview and Level Annotations

Branches:
Dungeon (12/15)            Temple (1/1) D:6            Lair (0/6) D:10
    Orc (0/2) D:11

Altars:
Ashenzari
Cheibriados
Dithmenos
Elyvilon
Fedhas
Gozag
Hepliaklqana
Kikubaaqudgha
Makhleb
Nemelex Xobeh
Okawaru
Qazlal
Ru
Sif Muna
Trog
Uskayaw
Vehumet
Wu Jian
Xom
Yredelemnul
Zin
The Shining One

Shops:
D:9 }   D:11 (

Annotations:
D:9 exclusion: obsidian statue


Innate Abilities, Weirdness & Mutations

You cannot wear most types of armour.
You are very stealthy in the water. (Stealth+)
You are amphibious.
You can wear up to eight rings at the same time.
You can use your tentacles to constrict eight enemies at once.
Your skin changes colour to match your surroundings (Stealth+).
Your rubbery body absorbs attacks. (AC +1, EV +1)


Message History

The vampire mosquito bites you.
* * * LOW HITPOINT WARNING * * *
The vampire mosquito draws strength from your injuries!
It was a potion of berserk rage.
A red film seems to cover your vision as you go berserk!
You feel yourself moving faster!
You feel mighty! The vampire mosquito bites you!
* * * LOW HITPOINT WARNING * * *
The vampire mosquito draws strength from your injuries!
The vampire mosquito bites you.
* * * LOW HITPOINT WARNING * * *
The vampire mosquito draws strength from your injuries!
You block the vampire mosquito's attack.
The vampire mosquito misses you.
You closely miss the vampire mosquito. You grab the vampire mosquito.
Your squeeze misses the vampire mosquito.
The vampire mosquito is moderately damaged.
You constrict the vampire mosquito, but do no damage.
The vampire mosquito bites you!
You die...

#.##########
#..y@.......
#..y........
#...........
#..#########
#.. #.. #.
#.


You could see 2 vampire mosquitoes.

Vanquished Creatures
  Harold (D:11)
  Erolcha (D:9)
  A two-headed ogre (D:8)
  Pikel (D:9)
  An ugly thing (D:11)
  Joseph (D:8)
  Maurice (D:8)
  A gargoyle (D:10)
  Maggie (D:9)
  A queen bee (D:8)
  A hornet (D:11)
  4 yaks (D:11)
  Menkaure (D:5)
  Edmund (D:4)
  6 orc warriors
  3 ice beasts
  A phantom (D:8)
  3 sky beasts
  A swamp drake (D:11)
  A slave (D:9)
  4 ogres
  2 centaurs
  A big kobold (D:9)
  6 bullfrogs
  A wyvern zombie (D:8)
  A wyvern skeleton (D:10)
  28 killer bees
  5 scorpions
  8 wights
  An electric eel (D:9)
  7 crimson imps
  A bullfrog zombie (D:7)
  3 centaur skeletons
  2 centaur zombies
  A hound (D:9)
  A bullfrog skeleton (D:10)
  4 orc priests
  2 jellies
  Jessica (D:3)
  2 iguanas
  12 orc wizards
  7 worker ants
  A killer bee zombie (D:5)
  A hound zombie (D:11)
  A mummy (D:6)
  A worker ant zombie (D:10)
  Robin (D:2)
  4 gnolls (D:10)
  9 adders
  3 worms
  3 dart slugs
  8 leopard geckos
  45 orcs
  2 ball pythons (D:3)
  4 giant cockroaches
  19 goblins
  9 hobgoblins
  10 jackals
  11 kobolds
  A quokka (D:7)
  5 bats
  2 frilled lizards
  A goblin skeleton (D:5)
  3 goblin zombies (D:5)
  A hobgoblin zombie (D:5)
  A jackal skeleton (D:4)
  2 kobold skeletons (D:5)
  2 kobold zombies (D:5)
  An orc skeleton (D:5)
  2 orc zombies (D:5)
  2 quokka zombies
  7 rats
294 creatures vanquished.

Notes
Turn   | Place    | Note
-------+----------+-------------------------------------------
     0 | D:1      | Ijustatesigmund the Octopode Gladiator began the quest for
                  | the Orb.
     0 | D:1      | Reached XP level 1. HP: 14/14 MP: 1/1
    34 | D:1      | Reached XP level 2. HP: 3/20 MP: 2/2
   761 | D:1      | Reached XP level 3. HP: 23/25 MP: 3/3
  1329 | D:2      | Noticed Robin
  1394 | D:2      | Killed Robin
  1394 | D:2      | Reached XP level 4. HP: 25/31 MP: 4/4
  1396 | D:2      | Reached skill level 4 in Axes
  2019 | D:3      | Found a shattered altar of Ashenzari.
  2275 | D:3      | Reached XP level 5. HP: 28/37 MP: 5/5
  2552 | D:3      | Noticed Jessica
  2557 | D:3      | Killed Jessica
  2597 | D:3      | Found a sparkling altar of Nemelex Xobeh.
  2668 | D:3      | Found a shimmering blue altar of Sif Muna.
  3331 | D:4      | Reached XP level 6. HP: 35/43 MP: 6/6
  3559 | D:4      | Found a blossoming altar of Fedhas.
  3629 | D:4      | Got an iridescent spear
  3630 | D:4      | Identified the +6 spear "Ekaig" {vorpal, Int+4} (You found
                  | it on level 4 of the Dungeon)
  3755 | D:4      | Reached skill level 5 in Axes
  3884 | D:4      | Noticed Edmund
  3895 | D:4      | Killed Edmund
  3895 | D:4      | Reached skill level 5 in Fighting
  3895 | D:4      | Reached XP level 7. HP: 34/50 MP: 7/7
  4548 | D:5      | Entered Level 5 of the Dungeon
  4617 | D:5      | Reached skill level 6 in Axes
  4618 | D:5      | Noticed Menkaure
  4627 | D:5      | Killed Menkaure
  4866 | D:5      | Found a glowing golden altar of the Shining One.
  5054 | D:5      | Found a radiant altar of Vehumet.
  5313 | D:5      | Reached XP level 8. HP: 47/57 MP: 8/8
  5619 | D:5      | Reached skill level 7 in Axes
  5966 | D:6      | Found a staircase to the Ecumenical Temple.
  5980 | Temple   | Entered the Ecumenical Temple
  6556 | D:6      | Found a snail-covered altar of Cheibriados.
  6603 | D:6      | Found an ornate altar of the Wu Jian Council.
  6653 | D:6      | Reached skill level 1 in Stealth
  7410 | D:7      | Reached XP level 9. HP: 64/64 MP: 9/9
  7435 | D:7      | Reached skill level 8 in Axes
  7683 | D:7      | Reached skill level 5 in Stealth
  8340 | D:7      | Found an opulent altar of Gozag.
  8535 | D:8      | Noticed Joseph
  8904 | D:8      | Noticed Maurice
  8913 | D:8      | Killed Maurice
  8939 | D:9      | Found Roise's Gadget Shoppe.
  9334 | D:9      | Reached skill level 9 in Axes
  9378 | D:9      | Noticed an obsidian statue
  9501 | D:9      | Noticed Erolcha
  9520 | D:9      | Killed Erolcha
  9520 | D:9      | Reached XP level 10. HP: 17/74 MP: 10/10
  9981 | D:9      | Noticed Pikel
 10021 | D:9      | Noticed Maggie
 10084 | D:9      | Killed Pikel
 10084 | D:9      | Reached skill level 10 in Axes
 10157 | D:9      | Killed Maggie
 10157 | D:9      | Reached skill level 10 in Fighting
 10698 | D:10     | Entered Level 10 of the Dungeon
 10699 | D:10     | Found a staircase to the Lair.
 11413 | D:10     | Noticed a gargoyle
 11428 | D:10     | Killed a gargoyle
 11428 | D:10     | Reached skill level 11 in Axes
 11838 | D:10     | Reached XP level 11. HP: 82/82 MP: 11/11
 12732 | D:8      | Noticed a two-headed ogre
 12746 | D:8      | Killed a two-headed ogre
 12746 | D:8      | Reached skill level 5 in Dodging
 13167 | D:8      | Found an opulent altar of Gozag.
 13354 | D:8      | Found a sacrificial altar of Ru.
 13360 | D:8      | Found a glowing golden altar of the Shining One.
 13425 | D:8      | Killed Joseph
 13656 | D:11     | Noticed a green ugly thing
 13670 | D:11     | Killed a green ugly thing
 14044 | D:11     | Paralysed by a hornet for 3 turns
 14503 | D:11     | Found Syvaist's Antique Weapon Shop.
 14539 | D:11     | Reached skill level 1 in Shields
 14582 | D:11     | Found a staircase to the Orcish Mines.
 14870 | D:11     | Noticed Harold
 14888 | D:11     | Killed Harold
 15749 | D:11     | Reached skill level 12 in Axes
 15974 | D:12     | HP: 4/85 [vampire mosquito (13)]
 15977 | D:12     | Slain by a vampire mosquito

Illustrated notes

Levels and vault maps discovered:
D:1:      nicolae_arrival_washed_ashore, layout_basic
D:2:      layout_loops_ring, uniq_robin
D:3:      layout_basic, led_sif_pool, lemuel_round_altar, first_ration,
          minmay_misc_feat_pillars, evilmike_ruin_ashenzari, uniq_jessica
D:4:      layout_loops_ring, fedhas_ov_isle_minmay, uniq_edmund
D:5:      cheibrodos_barr_body, layout_layer_cave, basic_altar,
          nicolae_tso_besieged_by_evil, uniq_menkaure
D:6:      layout_cave_pods, kennysheep_little_box, slow_altar_2,
          minmay_temple_entry_junction_2
D:7:      layout_loops_ring, grunt_gozag_statues
D:8:      layout_cave_pods, grunt_temple_overflow_open, basic_altar,
          david_nohive_1, grunt_decor_cap, kennysheep_generic_room_8,
          uniq_maurice, uniq_joseph
D:9:      statuecave_lemuel, layout_irregular_city, serial_shops,
          nicolae_shop_temple_entry_statues_fountains, uniq_maggie,
          uniq_erolcha, uniq_pikel
D:10:     layout_roguey, lair_entry_dummy
D:11:     layout_grid_maze, erik_orc_1, serial_shops, shop_fountains,
          amethyst_killhole, uniq_harold
D:12:     layout_long_grid, minmay_tree_intersection,
          nicolae_dithmenos_shadow_blocks
Temple:   eino_narrow_crystal_temple

Skill      XL: |  1  2  3  4  5  6  7  8  9 10 11 |
---------------+----------------------------------+-----
Fighting       | 3 4 5 6 7 9 10 11 | 11.9
Axes           | 4 5 6 7 9 11 12 | 12.0
Stealth        | 4 7 |  7.0
Dodging        | 4 5 |  5.5
Shields        | 2 |  2.8
Throwing       | |  2.0

Action                   |  1- 3 |  4- 6 |  7- 9 | 10-12 || total
-------------------------+-------+-------+-------+-------++-------
Melee: War axe           |    54 |    71 |       |       ||   125
       Tentacles         |     9 |    13 |    47 |    66 ||   135
       Constrict         |    12 |    16 |    53 |    51 ||   132
       Spear             |       |    19 |   291 |   373 ||   683
Throw: Throwing net      |     2 |     1 |       |     3 ||     6
       Boomerang         |       |       |     3 |     2 ||     5
       Dart              |       |       |       |    17 ||    17
Evoke: Wand              |       |       |       |    13 ||    13
  Use: Scroll            |     6 |     4 |     8 |     4 ||    22
       Potion            |       |     1 |     5 |     4 ||    10
 Stab: Sleeping          |     6 |     7 |    17 |    18 ||    48
       Confused          |       |       |       |     2 ||     2
       Held in net/web   |       |       |       |     4 ||     4
  Eat: Chunk             |     1 |     8 |    11 |    13 ||    33
       Ration            |       |       |     2 |     2 ||     4
Armor: Skin              |     7 |     7 |    20 |    18 ||    52
Dodge: Dodged            |    35 |    56 |   115 |   187 ||   393
Block: Buckler           |       |       |       |    12 ||    12

Table legend:
 A = Non-vault XP
 B = Vault XP
 C = Vault XP percentage of total XP
 D = Non-vault monster count
 E = Vault monster count
 F = Vault count percentage of total count
                 A         B        C        D         E       F
            +---------+---------+-------+---------+---------+-------
      Total |   10129 |    6297 |  38.3 |     216 |      77 |  26.3
            +---------+---------+-------+---------+---------+-------
        D:1 |      49 |       0 |   0.0 |      29 |       0 |   0.0
        D:2 |      57 |      36 |  38.7 |       5 |      12 |  70.6
        D:3 |      89 |      37 |  29.4 |      22 |       1 |   4.3
        D:4 |     350 |     164 |  31.9 |      13 |       1 |   7.1
        D:5 |     216 |     444 |  67.3 |      17 |      23 |  57.5
        D:6 |     543 |      18 |   3.2 |       9 |       1 |  10.0
        D:7 |     730 |       0 |   0.0 |      23 |       0 |   0.0
        D:8 |    2029 |    2033 |  50.0 |      27 |      18 |  40.0
        D:9 |    1213 |    2004 |  62.3 |      27 |       3 |  10.0
       D:10 |    2746 |       0 |   0.0 |      33 |       0 |   0.0
       D:11 |    1988 |    1561 |  44.0 |      10 |      18 |  64.3
       D:12 |     119 |       0 |   0.0 |       1 |       0 |   0.0
            +---------+---------+-------+---------+---------+-------
